 Dungeon Crawl Stone Soup version 0.31-a0-200-gbc41564c69 (webtiles) character file.

Game seed: 1339097589100455136

152 qw the Skirmisher (level 5, -6/29 HPs)
             Began as a Deep Elf Hunter on June 25, 2023.
             Mangled by Sigmund
             ... wielding a +0 scythe
              (9 damage)
             ... on level 4 of the Dungeon.
             The game lasted 00:01:01 (2510 turns).

qw the Skirmisher (Deep Elf Hunter)                 Turns: 2510, Time: 00:01:01

Health: -6/29      AC:  3    Str: 10    XL:     5   Next: 11%
Magic:  7/7        EV: 13    Int: 14    God:
Gold:   118        SH:  0    Dex: 18    Spells: 4/4 levels left

rFire   + . .        Y - +0 orcbow
rCold   . . .        (shield currently unavailable)
rNeg    . . .        h - +0 robe of Eddyrch {rF+ Regen+ SInv}
rPois   .            a - +0 helmet
rElec   .            (no cloak)
rCorr   .            (no gloves)
SInv    +            (no boots)
Will    .....        (no amulet)
Stlth   ++           (no ring)
HPRegen 1.04/turn    (no ring)
MPRegen 0.10/turn

%: no passive effects
@: lethally poisoned (-6 -> -8)
A: no striking features
a: no special abilities


You were on level 4 of the Dungeon.
You visited 1 branch of the dungeon, and saw 4 of its levels.

You collected 118 gold pieces.


   Skills:
 - Level 1.5 Fighting
 + Level 8.3 Ranged Weapons
 - Level 3.0 Dodging
 - Level 1.2 Stealth


You had 4 spell levels left.
You didn't know any spells.
Your spell library was empty.

Inventory:

Hand Weapons
 Y - a +0 orcbow (weapon)
Armour
 a - a +0 helmet (worn)
 g - a +0 ring mail
 h - the +0 robe of Eddyrch (worn) {rF+ Regen+ SInv}
   (You found it on level 2 of the Dungeon)

   rF:        It protects you from fire.
   SInv:      It lets you see invisible.
   Regen:     It increases your rate of health regeneration.
Jewellery
 e - a ring of see invisible
Scrolls
 c - a scroll of vulnerability {unknown}
 l - a scroll of teleportation {unknown}
Potions
 b - a potion of enlightenment {unknown}
 d - a potion of cancellation {unknown}
 f - a potion of curing {unknown}
 i - a potion of brilliance {unknown}
 j - a potion of heal wounds {unknown}
 k - a potion of lignification {unknown}

Dungeon Overview and Level Annotations

Branches:
Dungeon (4/15)
 Temple: D:4-7

Altars:
Elyvilon
Sif Muna
Trog

Annotations:
D:4 Sigmund


Message History

The adder bites you but does no damage. Sigmund casts a spell at you.
You resist with some effort. The goblin hits you with a +0 club.
The adder bites you. Sigmund misses you. The adder bites you.
The goblin hits you but does no damage. The adder barely misses you.
The goblin closely misses you.
Sigmund hits you from afar with a +0 scythe!
The adder barely misses you.
You feel less confused. The goblin closely misses you.
The adder bites you but does no damage. Sigmund misses you.
You shoot an arrow. The arrow closely misses the adder.
The adder closely misses you. The goblin barely misses you.
You shoot an arrow. The arrow barely misses the adder.
The adder completely misses you. Sigmund barely misses you.
The goblin closely misses you.
You shoot an arrow. The arrow hits the adder.
The adder is heavily wounded.
The adder bites you but does no damage. The goblin hits you but does no damage.
The adder bites you but does no damage. Sigmund misses you.
You shoot an arrow. The arrow closely misses the adder.
The adder bites you. The goblin hits you with a +0 club.
You shoot an arrow. The arrow hits the adder.
The adder is almost dead.
The adder bites you.
You are poisoned.
The adder poisons you!
Sigmund points at you and mumbles some strange words.
The puff of flame misses you. The goblin closely misses you.
The adder closely misses you.
You shoot an arrow. The arrow closely misses the adder.
You feel sick.
Sigmund hits you from afar with a +0 scythe.
The goblin barely misses you. The adder barely misses you.
You shoot an arrow. The arrow barely misses the adder.
You feel sick. The goblin barely misses you. The adder bites you.
You are more poisoned.
The adder poisons you!
Sigmund hits you from afar with a +0 scythe!
You die...

# ####......##..##
####..<...##......##
###......#####.......#
.).........##........##
..~~~~¤~~¤.#..........#
#...~~¤¤¤~............#
#.8...._~¤....>.......#
#...~~¤¤~~............#
#.~~¤~¤~~......S@....##
#.......¤..#.#.g.....#
####..##....#.@#..###
#.# #.##### #. #. . .


You could see Sigmund (invisible), an adder and a goblin.

Vanquished Creatures
  5 adders
  3 worms
  5 dart slugs
  3 orcs
  8 bats
  7 endoplasms
  4 giant cockroaches
  4 goblins
  6 hobgoblins
  4 jackals (D:1)
  6 quokkas
  6 ball pythons
  3 frilled lizards
  11 kobolds
  6 rats
81 creatures vanquished.

Notes
Turn   | Place    | Note
-------+----------+-------------------------------------------
     0 | D:1      | qw the Deep Elf Hunter began the quest for the Orb.
     0 | D:1      | Reached XP level 1. HP: 12/12 MP: 3/3
     0 | D:1      | 0 ||| qw: Version: 0.3-a-22-g0ed2b0b
     0 | D:1      | 0 ||| qw: Game counter: 5592
     0 | D:1      | 0 ||| qw: Melee chars always use a shield: true
     0 | D:1      | 0 ||| qw: God list: Okawaru
     0 | D:1      | 0 ||| qw: Allow faded altars: false
     0 | D:1      | 0 ||| qw: Do Orc after clearing Dungeon:15 true
     0 | D:1      | 0 ||| qw: Do second Lair branch before Depths: true
     0 | D:1      | 0 ||| qw: Lair rune preference: random
     0 | D:1      | 0 ||| qw: Goals: Normal
     0 | D:1      | 0 ||| PLANNING D:1-11
   351 | D:1      | Reached skill level 6 in Ranged Weapons
   351 | D:1      | Reached XP level 2. HP: 16/16 MP: 4/4
   477 | D:1      | Found a faded altar of an unknown god.
   781 | D:1      | 781 ||| UPGRADING to +0 ring mail.
   791 | D:1      | 791 ||| DROPPING +0 leather armour.
   792 | D:1      | 792 ||| UPGRADING to ring of see invisible.
   793 | D:1      | 793 ||| READING 2 scrolls labelled TINUWU HAICURU.
   794 | D:1      | 794 ||| DROPPING scroll of immolation.
   795 | D:1      | 795 ||| DROPPING scroll of butterflies.
   841 | D:2      | 841 ||| STAIRDANCE
   846 | D:1      | Reached XP level 3. HP: 15/20 MP: 5/5
   872 | D:2      | 872 ||| STAIRDANCE
   889 | D:2      | 889 ||| STAIRDANCE
   962 | D:2      | Reached skill level 7 in Ranged Weapons
  1206 | D:2      | 1206 ||| Stepping ~*~*~tactically~*~*~ (water).
  1211 | D:2      | 1211 ||| Stepping ~*~*~tactically~*~*~ (water).
  1233 | D:2      | Reached XP level 4. HP: 25/25 MP: 6/6
  1361 | D:2      | 1361 ||| SWAPPING to +0 orcbow.
  1365 | D:2      | 1365 ||| DROPPING +0 shortbow.
  1368 | D:2      | Identified the +0 robe of Eddyrch {rF+ Regen+ SInv}
  1533 | D:2      | 1533 ||| UPGRADING to +0 robe of Eddyrch {rF+ Regen+ SInv}.
  1543 | D:2      | 1543 ||| REMOVING ring of see invisible.
  1544 | D:2      | 1544 ||| READING scroll labelled OCEUMP QOARCHOS.
  1554 | D:2      | 1554 ||| READING scroll labelled UJOISHRASHU.
  1657 | D:3      | Reached skill level 8 in Ranged Weapons
  1698 | D:3      | Found a white marble altar of Elyvilon.
  1961 | D:3      | 1961 ||| UPGRADING to +0 helmet.
  1966 | D:3      | 1966 ||| DROPPING +6 ring of intelligence.
  1967 | D:3      | 1967 ||| READING scroll labelled VUWASM PAONT.
  1990 | D:4      | Reached skill level 3 in Dodging
  2136 | D:4      | Reached XP level 5. HP: 29/29 MP: 7/7
  2171 | D:4      | Found a bloodstained altar of Trog.
  2454 | D:4      | Found a shimmering blue altar of Sif Muna.
  2485 | D:4      | Noticed Sigmund
  2509 | D:4      | HP: 6/29 [Sigmund/+0 scythe (3)]
  2510 | D:4      | Mangled by Sigmund

Levels and vault maps discovered:
D:1:      nicolae_arrival_somewhat_less_tricky_arrival, layout_basic,
          dilly_ecumenical_altar_fadedgnrine
D:2:      layout_loops_ring, serial_bayou_crossing
D:3:      layout_basic, elyvilon_altar_4, hangedman_decor_lopped, minmay_cupped
D:4:      layout_cave_pods, mainiacjoe_overflow_24_doors,
          mainiacjoe_overflow_catwalk, serial_forest,
          infiniplex_forest_lined_corner, infiniplex_forest_clump_double,
          infiniplex_forest_clump_small, infiniplex_forest_clump_long,
          infiniplex_forest_lined_3, uniq_sigmund, uniq_crazy_yiuf_cottage

Skill      XL: |  1  2  3  4 |
---------------+-------------+-----
Ranged Weapons | 6 7 8 |  8.3
Dodging        | 3 |  3.0
Fighting       | |  1.5
Stealth        | |  1.2

Action                     |  1- 3 |  4- 6 || total
---------------------------+-------+-------++-------
   Fire: Shortbow          |   106 |    14 ||   120
         Orcbow            |       |    81 ||    81
    Use: Scroll            |     1 |     3 ||     4
 Armour: Leather armour    |     2 |       ||     2
         Ring mail         |    21 |       ||    21
         Robe              |       |     8 ||     8
  Dodge: Dodged            |    40 |    34 ||    74

Table legend:
 A = Non-vault XP
 B = Vault XP
 C = Vault XP percentage of total XP
 D = Non-vault monster count
 E = Vault monster count
 F = Vault count percentage of total count
                 A         B        C        D         E       F
            +---------+---------+-------+---------+---------+-------
      Total |     208 |      10 |   4.6 |      78 |       3 |   3.7
            +---------+---------+-------+---------+---------+-------
        D:1 |      48 |       0 |   0.0 |      27 |       0 |   0.0
        D:2 |      73 |       0 |   0.0 |      24 |       0 |   0.0
        D:3 |      40 |      10 |  20.0 |      15 |       3 |  16.7
        D:4 |      47 |       0 |   0.0 |      12 |       0 |   0.0
            +---------+---------+-------+---------+---------+-------
